 Dungeon Crawl Stone Soup version 0.31-a0-803-g95b03c3367 (webtiles) character file.

Game seed: 5093949641760719912

47 orangepiccolo the Trooper (level 3, 0/29 HPs)
             Began as a Human Berserker on Sept 22, 2023.
             Was a Follower of Trog.
             Slain by a worm (5 damage)
             ... on level 2 of the Dungeon.
             The game lasted 00:04:35 (1597 turns).

orangepiccolo the Trooper (Human Berserker)         Turns: 1597, Time: 00:04:36

Health: 0/29       AC: 10    Str: 19    XL:     3   Next: 97%
Magic:  3/3        EV:  8    Int:  7    God:    Trog [*.....]
Gold:   73         SH:  0    Dex: 12    Spells: 2/2 levels left

rFire   . . .        a - +0 hand axe
rCold   . . .        (no shield)
rNeg    . . .        c - +0 chain mail
rPois   .            (no helmet)
rElec   .            g - +0 cloak
rCorr   .            (no gloves)
SInv    .            (no boots)
Will    .....        (no amulet) Stlth
                     (no ring)
HPRegen 0.24/turn    (no ring)
MPRegen 0.08/turn

%: no passive effects
@: no status effects
A: no striking features
a: Renounce Religion, Berserk


You were on level 2 of the Dungeon.
You worshipped Trog.
Trog was aware of your devotion.
You visited 1 branch of the dungeon, and saw 2 of its levels.

You collected 73 gold pieces.

Inventory:

Hand Weapons
 a - a +0 hand axe (weapon)
Armour
 b - a +0 animal skin
 c - a +0 chain mail (worn)
 g - a +0 cloak (worn)
Potions
 d - a potion of enlightenment {unknown}
 e - a potion of attraction
 k - a potion of degeneration {unknown}


   Skills:
 + Level 3.6 Fighting
 + Level 3.6 Axes
 + Level 2.5 Armour
 + Level 2.1 Dodging


You had 2 spell levels left.
You didn't know any spells.
Your spell library was empty.

Dungeon Overview and Level Annotations

Branches:
Dungeon (2/15)

Altars:


Message History

Found 9 gold pieces.
As you read the scroll labelled NUELOT CEUDEEMITT, it crumbles to dust.
Your body is wracked with pain!
It was a scroll of torment.
You see here a quokka corpse.
You see here 4 stones.
As you read the scroll labelled XENGEU HIDECSU, it crumbles to dust.
You hear a loud clanging noise!
It was a scroll of noise.
As you read the scroll labelled MERRES PIXAJEY, it crumbles to dust.
It is a scroll of identify.
e - a potion of attraction You see here a quokka corpse.
Found a spear.
You now have 73 gold pieces (gained 9).
You see here a +0 spear.
A worm comes into view.
A worm is nearby!
A worm is nearby!
The worm bites you.
You hit the worm.
The worm is moderately wounded.
The worm bites you!
You barely miss the worm.
The worm is moderately wounded.
You hit the worm.
The worm is heavily wounded.
The worm bites you!
You hit the worm.
The worm is heavily wounded.
The worm bites you.
* * * LOW HITPOINT WARNING * * *
You hit the worm but do no damage.
The worm is heavily wounded.
You hit the worm.
The worm is heavily wounded.
The worm completely misses you.
You barely miss the worm.
The worm is heavily wounded.
The worm bites you.
You die...

#.#######.# ..........#
####......# # #......#
# ##.....# ### #
##...## ... # #...#
###.#####
#####..)#######.w.....#
..............#@...##.
.......................
..............#....##.#
#####...#######...##
#...# #..## #...# #...
#...# ##... #...# .###
.. .#


You could see a worm.

Vanquished Creatures
  An adder (D:2)
  2 worms (D:2)
  3 dart slugs
  A ball python (D:1)
  5 endoplasms (D:1)
  A giant cockroach (D:1)
  3 goblins (D:1)
  A hobgoblin (D:1)
  2 quokkas
  3 frilled lizards
  2 kobolds (D:2)
  2 rats
26 creatures vanquished.

Notes
Turn   | Place    | Note
-------+----------+-------------------------------------------
     0 | D:1      | orangepiccolo the Human Berserker began the quest for the
                  | Orb.
     0 | D:1      | Reached XP level 1. HP: 18/18 MP: 1/1
    44 | D:1      | Found a faded altar of an unknown god.
   144 | D:1      | Reached XP level 2. HP: 24/24 MP: 2/2
   550 | D:1      | Reached XP level 3. HP: 25/29 MP: 3/3
  1597 | D:2      | Slain by a worm

Illustrated notes

Levels and vault maps discovered:
D:1:      lemuel_arrival_rhombus, layout_loops_corners, serial_rivers,
          chequers_serial_rivers_marsh, chequers_serial_rivers_micro_c,
          chequers_serial_rivers_small_3, chequers_serial_rivers_small_3,
          dreamdust_ecumenical_altar_statues, nrook_campfire
D:2:      layout_loops_cross, basic_altar, uniq_sigmund, uniq_terence

Action                     || total
---------------------------++-------
  Melee: Hand axe          ||   103
    Use: Scroll            ||     4
 Armour: Chain mail        ||    60
  Dodge: Dodged            ||    36

Table legend: (Time is in decaauts)
 A = Elapsed time spent in this place.
 B = Non-inter-level travel time spent in this place.
 C = Inter-level travel time spent in this place.
 D = Time resting spent in this place.
 E = Time spent auto-exploring this place.
 F = Levels seen in this place.
 G = Mean time per level.
                   A        B        C        D        E       F      G
               +--------+--------+--------+--------+--------+-----+--------+
         Total |   1617 |   1263 |    354 |      0 |   1010 |   2 |  808.5 |
       Dungeon |   1617 |   1263 |    354 |      0 |   1010 |   2 |  808.5 |
               +--------+--------+--------+--------+--------+-----+--------+

Top non-repeatable levels by time:
     D:1: 1274 daAuts
     D:2: 343 daAuts
